Match 45117726
Unlisted

Match 45117726
End
Construct Barracks
Selects Armored Battlegroup
Selects Veteran Crews
Engineer Squad
1⁄4-ton 4x4 Truck
1⁄4-ton 4x4 Truck
Riflemen Squad
Riflemen Squad
Construct Medical Station
Infantry Support Center
Construct Motor Pool
M8 Greyhound Armored Car
Riflemen Squad
Selects Strength in Steel
M8 Greyhound Armored Car
Selects M31 Recovery Vehicle
M1918 Browning Automatic Rifles
Riflemen Squad
M31 Recovery Vehicle
Selects War Machine
M8 Greyhound Armored Car
M8 Greyhound Armored Car
Riflemen Squad
Engineer Squad
M1 Mortar Team
Selects Seek and Destroy
Dromaeda
this profile name wasn't taken
Idiotic Pig
SoldMyDad
Goonsader
cumsader
0
0

Comments sign in to comment!

No comments posted yet!